 Dungeon Crawl Stone Soup version 0.20.0-1-g1cb1d84 (webtiles) character file.

101 Larett the Ducker (level 4, 0/35 HPs)
             Began as a Minotaur Arcane Marksman on May 27, 2017.
             Was a Follower of Uskayaw.
             Killed by nerve-wracking pain
             ... invoked by an orc priest
              (3 damage)
             ... on level 2 of the Dungeon.
             The game lasted 00:13:41 (1787 turns).

Larett the Ducker (Minotaur Arcane Marksman)        Turns: 1787, Time: 00:13:42

Health: 0/35       AC:  5    Str: 14    XL:     4   Next: 48%
Magic:  4/4        EV: 14    Int: 10    God:    Uskayaw [*.....]
Gold:   73         SH:  0    Dex: 12    Spells: 1/5 levels left

rFire    . . .     SeeInvis .   a - +0 hunting sling
rCold    . . .     Gourm    .   (no shield)
rNeg     . . .     Faith    .   e - +0 robe
rPois    +         Spirit   .   (helmet restricted)
rElec    .         Reflect  .   r - +1 cloak
rCorr    .         Harm     .   (no gloves)
MR       .....                  s - +0 pair of boots
Stlth    +.........             (no amulet)
Regen    0.2/turn               o - ring of poison resistance
MPRegen  0.1/turn               (no ring)

@: no status effects
A: retaliatory headbutt, horns 2
a: Stomp, Renounce Religion


You were on level 2 of the Dungeon.
You worshipped Uskayaw.
Uskayaw was noncommittal.
You were not hungry.

You visited 1 branch of the dungeon, and saw 3 of its levels.

You collected 73 gold pieces.

Inventory:

Hand Weapons
 a - a +0 hunting sling (weapon)
Missiles
 d - 5 sling bullets
 k - 64 stones (quivered)
 m - 35 arrows
 W - 25 bolts
Armour
 e - a +0 robe (worn)
 r - a +1 cloak (worn)
 s - a +0 pair of boots (worn)
Jewellery
 o - a ring of poison resistance (left hand)
Scrolls
 q - a scroll of amnesia {unknown}
 u - a scroll of immolation {unknown}
 R - 2 scrolls of identify
 T - 2 scrolls of teleportation {unknown}
Potions
 i - a potion of mutation {unknown}
 l - a potion of curing {unknown}
 n - a potion of invisibility {unknown}
 t - a potion of haste {unknown}
 v - 2 potions of heal wounds
 w - a potion of lignification {unknown}
 x - a potion of might {unknown}
 V - a potion of berserk rage {unknown}
Books
 c - a book of Debilitation

   Spells                             Type                      Level
   a - Corona                         Hexes                        1
   b - Slow                           Hexes                        2
   c - Inner Flame                    Hexes/Fire                   3
   d - Portal Projectile              Hexes/Translocation          3
   e - Cause Fear                     Hexes                        4
   f - Leda's Liquefaction            Hexes/Earth                  4
Comestibles
 f - 3 bread rations
 z - a meat ration
 X - a chunk of flesh {@w1}


   Skills:
 - Level 1.2 Fighting
 - Level 2.1 Slings
 + Level 5.2 Dodging
 - Level 1.0 Spellcasting
 - Level 2.0 Hexes


You had one spell level left.
You knew the following spells:

 Your Spells              Type           Power        Failure   Level  Hunger
a - Corona                Hex            #......      16%         1    ##.....
j - Portal Projectile     Hex/Tloc       #.....       56%         3    ####...


Dungeon Overview and Level Annotations

Branches:
Dungeon (3/15)

Altars:
Ashenzari
Uskayaw
Zin

Annotations:
D:2 Sigmund


Innate Abilities, Weirdness & Mutations

You reflexively headbutt those who attack you in melee.
You have a pair of horns on your head.


Message History

Firing (i - inventory. (,) - cycle):
k - 67 stones (quivered)
Press: ? - help, Shift-Dir - straight line, f - orc
Aim: an orc, wielding a mace and wearing a leather armour You shoot a stone.
The stone hits the orc.
The orc is severely wounded.
The orc hits you with a mace!
* * * LOW HITPOINT WARNING * * *
Firing (i - inventory. (,) - cycle):
k - 66 stones (quivered)
Press: ? - help, Shift-Dir - straight line, f/p - orc
Aim: an orc, wielding a mace and wearing a leather armour (severely wounded)
You shoot a stone. The stone hits the orc.
The orc is almost dead.
The orc completely misses you.
Firing (i - inventory. (,) - cycle):
k - 65 stones (quivered)
Press: ? - help, Shift-Dir - straight line, f/p - orc
Aim: an orc, wielding a mace and wearing a leather armour (almost dead)
You shoot a stone. The stone closely misses the orc.
The orc priest invokes the aid of Beogh against you.
Pain shoots through your body!
You die...

##.##### ##########
#....... #........#
#..####. #.######.#
##..##...
#.#...##.#####...##.#.
#.#...............#.#.
#.#...##.#####......#.
#.##o###.# ##.......
#(..o@.#.# ##.#####
#).###...# #.# ##>#
#.### #.# #.###.#
##'## #.....# ##...##
#####.# ##.....##
##.## ##.......##
##...####.........#
#.......'.........'


You could see an orc priest and an orc.

Vanquished Creatures
  3 adders (D:2)
  An ooze (D:1)
  A worm (D:2)
  4 dart slugs
  3 leopard geckos
  An orc (D:2)
  A bat (D:1)
  7 giant cockroaches
  5 goblins
  7 hobgoblins
  2 jackals (D:1)
  3 quokkas (D:2)
  2 frilled lizards
  6 kobolds
  4 rats
50 creatures vanquished.

Notes
Turn   | Place    | Note
-------+----------+-------------------------------------------
     0 | D:1      | Larett the Minotaur Arcane Marksman began the quest for the Orb.
     0 | D:1      | Reached XP level 1. HP: 16/16 MP: 1/1
    58 | D:1      | Reached skill level 3 in Dodging
    58 | D:1      | Reached XP level 2. HP: 22/23 MP: 2/2
   505 | D:1      | Reached XP level 3. HP: 28/28 MP: 3/3
   517 | D:1      | Reached skill level 4 in Dodging
   907 | D:2      | Found a glowing silver altar of Zin.
  1217 | D:2      | Found a hide-covered altar of Uskayaw.
  1217 | D:2      | Found a shattered altar of Ashenzari.
  1224 | D:2      | Became a worshipper of Uskayaw the Reveler
  1273 | D:2      | Reached XP level 4. HP: 35/35 MP: 4/4
  1282 | D:2      | Noticed Sigmund
  1309 | D:2      | Reached * piety under Uskayaw
  1326 | D:2      | Learned a level 3 spell: Portal Projectile
  1351 | D:2      | Reached skill level 5 in Dodging
  1787 | D:2      | Killed from afar by an orc priest

Skill      XL: |  1  2  3  4 |
---------------+-------------+-----
Dodging        | 3 4 5 |  5.2
Fighting       | |  1.2
Slings         | |  2.1
Spellcasting   | |  1.0
Hexes          | |  2.0

Action                   |  1- 3 |  4- 6 || total
-------------------------+-------+-------++-------
 Fire: Hunting sling     |   133 |    37 ||   170
  Use: Scroll            |     2 |     1 ||     3
       Potion            |       |     1 ||     1
  Eat: Chunk             |     1 |     2 ||     3
Armor: Robe              |    11 |     5 ||    16
Dodge: Dodged            |    33 |    19 ||    52
